[Event "Team 45 45 League T55"]
[Site "Internet Chess Club"]
[Date "2012.12.02"]
[Round "3"]
[White "chess123"]
[Black "j65536d"]
[Result "0-1"]
[WhiteElo "1766"]
[BlackElo "1875"]
[Opening "Trompowsky attack (Ruth, Opocenský opening)"]
[ECO "A45"]
[Time "11:30:10"]
[TimeControl "2700+45"]

1. d4 Nf6 2. Bg5 Ne4 3. Bh4 g5 4. f3 gxh4 5. fxe4 c5 6. e3 Bh6 7. Kf2 Qb6 8. Nc3
cxd4 9. exd4 Nc6 10. Nd5 Qa5 11. c3 e6 12. Nf6+ Ke7 13. Ng4 Bg7 14. Nf3 b6 15.
Be2 Bb7 16. Rf1 h3 17. g3 Raf8 18. Kg1 f5 19. exf5 Rxf5 20. Ne3 Rf7 21. d5 Qc5
22. Qd3 Bh6 23. dxc6 Qxe3+ 24. Qxe3 Bxe3+ 25. Kh1 Bxc6 26. Rad1 Rhf8 27. Rd3
Bxf3+ 28. Bxf3 Rxf3 29. Rxf3 Rxf3 30. Rd1 Rf2 31. Rb1 Rc2 32. a4 d5 33. Re1 Rxb2
{White resigns} 0-1

[Event "Team 45 45 League T55"]
[Site "Internet Chess Club"]
[Date "2012.12.01"]
[Round "3"]
[White "ChessicalZ"]
[Black "pishd"]
[Result "1/2-1/2"]
[WhiteElo "1853"]
[BlackElo "1782"]
[Opening "English: Neo-Catalan declined"]
[ECO "A14"]
[Time "12:06:36"]
[TimeControl "2700+45"]

1. c4 e6 2. g3 d5 3. Bg2 Nf6 4. Nf3 Be7 5. O-O O-O 6. Qc2 Nbd7 7. b3 c6 8. Bb2
b6 9. Nc3 Ba6 10. d3 Rc8 11. Rac1 Qc7 12. Rfd1 Rfd8 13. cxd5 cxd5 14. Qb1 Qb8
15. e4 dxe4 16. dxe4 Nc5 17. Nd4 Bb7 18. Nde2 Qa8 19. f3 Rxd1+ 20. Rxd1 Rd8 21.
Nb5 a6 22. Nbd4 Rd7 23. Nc3 Qd8 24. Nde2 Nd3 25. Ba1 Bc5+ 26. Kf1 a5 27. Nb5 Nf4
28. Rxd7 Qxd7 29. Nxf4 Qxb5+ 30. Qd3 Ba6 31. Ke2 Bg1 32. h3 Nd7 33. Qxb5 Bxb5+
34. Ke1 Nc5 35. Bf1 Bxf1 36. Kxf1 Be3 37. Ke2 Bg1 38. g4 Kf8 39. Nd3 g6 40. Nxc5
Bxc5 41. Kd3 Ke7 42. Kc4 Kd6 43. Kb5 Kc7 44. Be5+ Kb7 45. Kc4 Kc6 46. a4 Bb4 47.
Bd4 Be1 48. Bf6 Bb4 49. Bd4 {Game drawn by mutual agreement} 1/2-1/2

[Event "Team 45 45 League T55"]
[Site "Internet Chess Club"]
[Date "2012.12.02"]
[Round "3"]
[White "justice02"]
[Black "PJ"]
[Result "0-1"]
[WhiteElo "1667"]
[BlackElo "1672"]
[Opening "Queen's pawn game, Chigorin variation"]
[ECO "A04"]
[Time "07:30:06"]
[TimeControl "2700+45"]

1. Nf3 Nc6 2. d4 d5 3. Bf4 e6 4. c3 Nge7 5. e3 Ng6 6. Bg3 Bd6 7. Bd3 O-O 8. Bc2
f5 9. Bxd6 cxd6 10. Nbd2 e5 11. dxe5 dxe5 12. O-O e4 13. Nd4 Nce5 14. Qe2 f4 15.
f3 Qg5 16. Rae1 fxe3 17. Qxe3 Nf4 18. g3 Bh3 19. Rf2 Ned3 20. Bxd3 exd3 21. Qe5
Qg6 22. Qc7 Rae8 23. Rxe8 Rxe8 24. Qxf4 Re1+ 25. Nf1 Qe8 26. g4 h6 27. Qg3 Bxf1
28. Rxf1 d2 29. Nc2 Rxf1+ {White resigns} 0-1

[Event "Team 45 45 League T55"]
[Site "Internet Chess Club"]
[Date "2012.12.02"]
[Round "3"]
[White "tightfist"]
[Black "timothysmall56"]
[Result "0-1"]
[WhiteElo "1537"]
[BlackElo "1730"]
[Opening "English opening"]
[ECO "A22"]
[Time "21:00:27"]
[TimeControl "2700+45"]

1. c4 e5 2. Nc3 Nf6 3. d4 exd4 4. Qxd4 Nc6 5. Qd1 Bb4 6. Bd2 O-O 7. Nf3 d5 8. e3
Be6 9. cxd5 Nxd5 10. Rc1 Nxc3 11. bxc3 Ba3 12. Rb1 Qc8 13. Nd4 Nxd4 14. cxd4 Bd6
15. Qf3 c6 16. h3 Bxa2 17. Ra1 Bd5 18. e4 Re8 19. Bd3 f5 20. Qh5 Bxe4 21. Bc4+
Bd5+ 22. Be2 g6 23. Qh4 Bc4 24. Be3 Bxe2 25. Kxe2 f4 26. Qf6 Qe6 27. Qg5 fxe3
28. f3 Qc4+ 29. Kd1 Qxd4+ 30. Kc2 Re5 31. Qh6 Rc5+ 32. Kb3 Qc3+ 33. Ka4 Ra5#
{White checkmated} 0-1

[Event "Team 45 45 League T55"]
[Site "Internet Chess Club"]
[Date "2012.12.03"]
[Round "3"]
[White "Shijith"]
[Black "kidviper"]
[Result "1-0"]
[WhiteElo "1994"]
[BlackElo "1936"]
[Opening "King's Indian: orthodox, Aronin-Taimanov variation (Yugoslav attack / Mar del Plata variation)"]
[ECO "E97"]
[Time "12:28:04"]
[TimeControl "2700+45"]

1. d4 Nf6 2. c4 g6 3. Nc3 Bg7 4. e4 d6 5. Nf3 O-O 6. Be2 e5 7. O-O Nc6 8. Be3
Nd7 9. Qd2 a6 10. Rad1 f5 11. Bg5 Bf6 12. dxe5 Ndxe5 13. Bh6 Bg7 14. Qd5+ Kh8
15. Bxg7+ Kxg7 16. c5 Nxf3+ 17. Bxf3 dxc5 18. Qxc5 Qe7 19. Qxe7+ Nxe7 20. Rfe1
f4 21. e5 Be6 22. Ne4 Rfd8 23. Nc5 Bd5 24. Bxd5 Rxd5 25. Ne6+ Kf7 26. Nxc7 Rxd1
27. Rxd1 Rc8 28. Rd7 Kf8 29. Kf1 h5 30. Ne6+ Ke8 31. Rxb7 Rc2 32. Nxf4 Rc4 33.
Nd3 Nf5 34. Ke2 Nd4+ 35. Ke3 Nf5+ 36. Kd2 Nh4 37. Rb4 Rxb4 38. Nxb4 a5 39. Nc6
a4 40. g3 Nf3+ 41. Ke2 Nxh2 42. b4 axb3 43. axb3 Kd7 44. Nd4 Ng4 45. f4 g5 46.
Kf3 Nh2+ 47. Kg2 Ng4 48. e6+ Ke7 49. fxg5 Ne5 50. b4 Ng6 51. b5 Kd6 52. b6 Ne7
53. Kh3 Ng6 54. b7 Kc7 55. g4 h4 56. Nf5 Nf4+ 57. Kxh4 Nxe6 58. g6 Kxb7 59. g7
Nxg7 60. Nxg7 Kc7 61. Kg5 Kd7 62. Kg6 Ke7 63. g5 Kf8 64. Kh7 Kf7 65. g6+ Kf6 66.
Nh5+ Kg5 67. g7 Kxh5 68. g8=Q Kh4 69. Qg2 Kh5 70. Kg7 Kh4 71. Kf6 Kh5 72. Qg5#
{Black checkmated} 1-0

[Event "Team 45 45 League T55"]
[Site "Internet Chess Club"]
[Date "2012.12.03"]
[Round "3"]
[White "toukon"]
[Black "Archdruid"]
[Result "1-0"]
[WhiteElo "1715"]
[BlackElo "1587"]
[Opening "Benkö gambit half accepted"]
[ECO "A57"]
[Time "21:02:55"]
[TimeControl "2700+45"]

1. d4 Nf6 2. c4 c5 3. d5 b5 4. cxb5 a6 5. b6 Qxb6 6. Nc3 g6 7. e4 d6 8. Nf3 Bg7
9. Be2 O-O 10. O-O e6 11. Bg5 Qxb2 12. Na4 Qb7 13. Rb1 Qc7 14. Nb6 Ra7 15. e5
Nxd5 16. Nxd5 exd5 17. Qxd5 dxe5 18. Rfc1 Be6 19. Qd2 Re8 20. Bc4 Bxc4 21. Rxc4
Nd7 22. Rd1 Nb6 23. Rc2 c4 24. Bd8 Qc6 25. Bxb6 Qxb6 26. Rxc4 Rb7 27. Rdc1 Rd8
28. Qg5 Qf6 29. Qe3 Rbd7 30. Rc6 Rd1+ 31. Ne1 Qf4 32. Qxf4 exf4 33. Kf1 Rxc1 34.
Rxc1 Rd2 35. Rc2 Rd6 36. Ke2 Re6+ 37. Kd2 Bh6 38. Nf3 Rd6+ 39. Ke2 Re6+ 40. Kd2
g5 41. Kd3 Rd6+ 42. Ke4 Re6+ 43. Kd5 g4 44. Nd4 Re8 45. Rc6 Rd8+ 46. Ke4 Re8+
47. Kd3 Bg7 48. Nf5 Re6 49. Rxe6 fxe6 50. Nxg7 Kxg7 51. Ke4 g3 52. hxg3 fxg3 53.
f3 Kf6 54. Kf4 e5+ 55. Kxg3 Kg5 56. Kf2 h5 57. g3 Kf5 58. Ke3 Kf6 59. Ke4 Ke6
60. a3 Kf6 61. a4 Ke6 62. a5 Kd6 63. Kf5 Kd5 64. Kg5 Ke6 65. Kxh5 Kf5 66. g4+
Kf4 67. g5 Kxf3 68. g6 e4 69. g7 e3 70. g8=Q e2 71. Qg1 Ke4 72. Qe1 Kf3 73. Kg5
Ke3 74. Kg4 Kd3 75. Kf3 {Black resigns} 1-0

[Event "Team 45 45 League T55"]
[Site "Internet Chess Club"]
[Date "2012.11.30"]
[Round "3"]
[White "Egmont"]
[Black "RamRock"]
[Result "0-1"]
[WhiteElo "1706"]
[BlackElo "1754"]
[Opening "Dutch"]
[ECO "A80"]
[Time "09:01:04"]
[TimeControl "2700+45"]

1. d4 f5 2. Bf4 Nf6 3. e3 e6 4. Be2 Be7 5. h3 d6 6. Nf3 O-O 7. O-O Qe8 8. c4 Nc6
9. Nc3 Bd8 10. Bg5 Qg6 11. Bxf6 Bxf6 12. Rc1 e5 13. Nd5 Bd8 14. Nh2 Ne7 15.
Nxe7+ Bxe7 16. dxe5 dxe5 17. Qd5+ Qe6 18. Qxe6+ Bxe6 19. Nf3 Bf6 20. Rfd1 Rad8
21. Kf1 c5 22. Ne1 Kf7 23. Nc2 Ke7 24. Ke1 e4 25. b3 Bb2 26. Rxd8 Rxd8 27. Rd1
Bc3+ 28. Kf1 Rxd1+ 29. Bxd1 Kd6 30. Na3 a6 31. Nb1 Be5 32. Nd2 b5 33. cxb5 axb5
34. Be2 Kc6 35. Ke1 Kb6 36. Kd1 Bf6 37. g3 Ka5 38. h4 Kb4 39. Kc2 Bd7 40. Nb1 h6
41. Kd2 Be6 42. Kc2 g5 43. hxg5 hxg5 44. a3+ Ka5 45. Nc3 b4 46. axb4+ Kxb4 47.
Na2+ Ka3 48. Nc1 Bb2 49. Bd1 Bxc1 50. Kxc1 Bxb3 51. Bh5 Be6 52. Bg6 Kb3 53. g4
f4 54. exf4 gxf4 55. Bxe4 Bxg4 56. Kd2 c4 57. Bc2+ Kb2 58. Ba4 c3+ 59. Kd3 Bd7
60. Bd1 Bc6 61. Kd4 c2 62. Bxc2 Kxc2 63. f3 Kd2 64. Ke5 Ke3 {White resigns} 0-1

[Event "Team 45 45 League T55"]
[Site "Internet Chess Club"]
[Date "2012.12.02"]
[Round "3"]
[White "kidcobra"]
[Black "zigzag2002"]
[Result "1/2-1/2"]
[WhiteElo "1716"]
[BlackElo "1973"]
[Opening "Sicilian: Labourdonnais-Löwenthal variation"]
[ECO "B32"]
[Time "17:20:33"]
[TimeControl "2700+45"]

1. e4 c5 2. Nf3 Nc6 3. d4 cxd4 4. Nxd4 e5 5. Nxc6 bxc6 6. c4 Nf6 7. Nc3 Bb4 8.
Bd2 Bxc3 9. Bxc3 Nxe4 10. Qe2 d5 11. cxd5 Qxd5 12. Rd1 Nxc3 13. Rxd5 Nxe2 14.
Rxe5+ Be6 15. Bxe2 O-O 16. b3 Rfd8 17. Rc5 Bd5 18. O-O Kf8 19. Rcc1 Ke7 20. Rfe1
Kf6 21. Bc4 Re8 22. f3 Rxe1+ 23. Rxe1 Bxc4 24. bxc4 Rd8 25. Kf2 Rd2+ 26. Re2
Rxe2+ 27. Kxe2 Ke5 28. Ke3 g5 29. g3 c5 30. h3 f6 31. f4+ gxf4+ 32. gxf4+ Kf5
33. Kf3 h6 34. Ke3 h5 35. Kf3 Ke6 36. Ke4 h4 37. Kf3 f5 38. Ke3 Kd6 39. Kd3 Kc6
40. Kc3 Kb6 41. Kb3 a6 42. Ka4 Kc6 43. Ka5 Kb7 44. a4 Ka7 {White stalemated}
1/2-1/2

[Event "Team 45 45 League T55"]
[Site "Internet Chess Club"]
[Date "2012.12.01"]
[Round "3"]
[White "QueensCounselor"]
[Black "Pinkberry"]
[Result "1-0"]
[WhiteElo "2085"]
[BlackElo "1934"]
[Opening "Beefeater defense"]
[ECO "A40"]
[Time "16:00:59"]
[TimeControl "2700+45"]

1. d4 g6 2. c4 Bg7 3. Nc3 c5 4. d5 Bxc3+ 5. bxc3 f5 6. Nf3 Qa5 7. Qc2 d6 8. g3
Nf6 9. Bg2 Nbd7 10. O-O Nb6 11. Nd2 Bd7 12. Re1 Qa4 13. Qb3 O-O-O 14. e4 e5 15.
dxe6 Bxe6 16. e5 dxe5 17. Rxe5 Rhe8 18. Rxc5+ Kb8 19. Rb5 Qa6 20. Qb4 Bxc4 21.
Nxc4 Nfd5 22. Bxd5 Re1+ 23. Kg2 Nxd5 24. Qb3 Qc6 25. Kh3 f4 26. Na5 Qe6+ 27. g4
b6 28. Rxd5 Rxd5 29. Bxf4+ Ree5 30. Bxe5+ Rxe5 31. Qxe6 Rxe6 32. Nb3 Re2 33. Kg3
a5 34. Nd4 Rd2 35. Rb1 Kb7 36. f3 Rxa2 37. f4 Rd2 38. Nb5 Kc6 39. f5 gxf5 40.
gxf5 Kd5 41. Nd4 Rd3+ 42. Kf4 Rxc3 43. Rd1 Rc4 44. f6 Kd6 45. Kg5 Ke5 46. f7 Rc8
47. Re1+ Kxd4 48. Re8 Rc5+ 49. Kf4 Rc1 50. Rd8+ Kc3 51. Rc8+ Kb2 52. Rxc1 Kxc1
53. f8=Q b5 54. Qa3+ {Black resigns} 1-0

[Event "Team 45 45 League T55"]
[Site "Internet Chess Club"]
[Date "2012.12.08"]
[Round "3"]
[White "SaltofLife"]
[Black "chess09"]
[Result "1-0"]
[WhiteElo "1872"]
[BlackElo "1994"]
[Opening "QGD Slav: exchange variation"]
[ECO "D13"]
[Time "15:31:02"]
[TimeControl "2700+45"]

1. d4 d5 2. Nf3 c6 3. c4 Nf6 4. cxd5 cxd5 5. Nc3 Nc6 6. Bf4 e6 7. e3 Bb4 8. Bd3
O-O 9. Ne5 Qa5 10. Qb3 Nxe5 11. Bxe5 Bd7 12. O-O Rac8 13. Rac1 Bxc3 14. bxc3 b5
15. Bd6 Rfe8 16. Bc5 e5 17. Qb4 Qxb4 18. cxb4 exd4 19. Bxd4 a6 20. f3 Kh8 21.
Kf2 Ng8 22. Rc5 Rxc5 23. Bxc5 Ne7 24. Bxe7 Rxe7 25. Rc1 Be6 26. Rc6 Ra7 27. h4
g6 28. Kg3 Kg7 29. Kf4 Kf6 30. g4 Ke7 31. Ke5 f6+ 32. Kd4 Kd7 33. Rxa6 Rb7 34.
Ra5 Kc6 35. Ra6+ Rb6 36. Ra7 Bd7 37. g5 f5 38. Ke5 Rb8 39. Ra6+ Kb7 40. Rd6 Kc7
41. Rxd5 Re8+ 42. Kf4 Bc6 43. Bxb5 Bxd5 44. Bxe8 Bxa2 45. h5 gxh5 46. Bxh5 Be6
47. Ke5 Bd7 48. Bf7 Kb6 49. Bg8 Kb5 50. Bxh7 Kxb4 51. Bxf5 Be8 52. g6 Bxg6 53.
Bxg6 Kc5 54. Be8 Kb6 55. f4 Kc7 56. Ke6 Kd8 57. Bd7 Kc7 58. f5 Kd8 59. f6 Kc7
60. f7 Kd8 61. f8=Q+ Kc7 62. Qc8+ Kb6 63. Qc6+ Ka7 64. Qb5 Ka8 65. Bc6+ Ka7 66.
Qb7# {Black checkmated} 1-0

[Event "Team 45 45 League T55"]
[Site "Internet Chess Club"]
[Date "2012.12.02"]
[Round "3"]
[White "jps7"]
[Black "Wholebrain"]
[Result "0-1"]
[WhiteElo "1809"]
[BlackElo "1945"]
[Opening "Queen's pawn game, Rubinstein (Colle-Zukertort) variation"]
[ECO "D05"]
[Time "11:00:30"]
[TimeControl "2700+45"]

1. d4 d5 2. Nf3 Nf6 3. e3 e6 4. Bd3 c5 5. b3 Nc6 6. Bb2 cxd4 7. exd4 Bd6 8. O-O
O-O 9. Nbd2 Qc7 10. Re1 Nb4 11. Ne5 Nxd3 12. cxd3 Bd7 13. Rc1 Qa5 14. a4 Bb4 15.
Re2 Rac8 16. Nxd7 Nxd7 17. Nf3 b5 18. Ne5 Rxc1 19. Bxc1 Nxe5 20. dxe5 bxa4 21.
bxa4 Rc8 22. Rc2 Bc3 23. Bd2 d4 24. Bxc3 dxc3 25. Re2 c2 26. Qc1 Qxa4 27. g3 Qb3
28. d4 Qd3 29. Kf1 Qd1+ 30. Re1 Qxd4 31. f4 Qd3+ 32. Kf2 Rc3 33. Re2 Qf3+ 34.
Ke1 Qh1+ 35. Kd2 Rd3+ 36. Kxc2 Rc3+ 37. Kxc3 Qxc1+ 38. Rc2 Qe3+ 39. Kb2 Qb6+ 40.
Kc1 g6 41. Rc8+ Kg7 42. Rc2 a5 43. Rb2 Qg1+ 44. Kc2 Qxh2+ 45. Kb3 Qxg3+ 46. Ka4
Qxf4+ 47. Kxa5 Qxe5+ 48. Rb5 Qe1+ 49. Kb6 h5 {White resigns} 0-1

[Event "Team 45 45 League T55"]
[Site "Internet Chess Club"]
[Date "2012.12.01"]
[Round "3"]
[White "Barrett-CCSCSL"]
[Black "steadman"]
[Result "1-0"]
[WhiteElo "2120"]
[BlackElo "2103"]
[Opening "King's Indian: East Indian defense"]
[ECO "A48"]
[Time "09:00:41"]
[TimeControl "2700+45"]

1. d4 Nf6 2. Nf3 g6 3. e3 Bg7 4. Be2 d6 5. O-O O-O 6. b3 b6 7. Bb2 Bb7 8. c4
Nbd7 9. Nfd2 e5 10. Nc3 e4 11. Qc2 Qe7 12. Rfe1 Rfe8 13. h3 h5 14. Rac1 a6 15.
Nf1 Nf8 16. b4 c6 17. a4 a5 18. bxa5 Rxa5 19. Qb3 N8d7 20. Ba3 c5 21. d5 Ra6 22.
Nd2 Bc8 23. Nb5 Ne5 24. Bb2 Bd7 25. Bxe5 Qxe5 26. Nc7 Rxa4 27. Nxe8 Nxe8 28.
Qxb6 Ra2 29. Nf1 Qg5 30. Ng3 Bxh3 31. gxh3 h4 32. Qb8 Kf8 33. Qb1 Rb2 34. Qxe4
hxg3 35. f4 Qh4 36. Kg2 Nf6 37. Qf3 Nh5 38. Rb1 Qf6 39. f5 Kg8 40. fxg6 Qxf3+
41. Kxf3 fxg6 42. Rxb2 Bxb2 43. Rb1 Be5 44. Rb7 Ng7 45. Bd3 Kh7 46. Bb1 Kh6 47.
Rb8 Kg5 48. Rg8 Kf6 49. h4 Kf7 50. Ra8 Kf6 51. Rh8 Kf7 52. Rh6 Ne8 53. Rxg6 Nf6
54. Bf5 Kf8 55. Rxg3 Bxg3 56. Kxg3 Kg7 57. Kf4 Kh6 58. Bg4 Kg6 59. e4 Kf7 60.
Be6+ Ke7 61. e5 Ne8 62. h5 dxe5+ 63. Kxe5 Nd6 64. h6 Nxc4+ 65. Kf5 Kf8 66. Kf6
Nd6 67. Kg6 {Black resigns} 1-0

[Event "Team 45 45 League T55"]
[Site "Internet Chess Club"]
[Date "2012.12.02"]
[Round "3"]
[White "room-matt"]
[Black "CHENENE"]
[Result "0-1"]
[WhiteElo "1782"]
[BlackElo "1627"]
[Opening "Sicilian: Sveshnikov variation"]
[ECO "B33"]
[Time "11:06:53"]
[TimeControl "2700+45"]

1. e4 c5 2. Nf3 Nc6 3. d4 cxd4 4. Nxd4 Nf6 5. Nc3 e5 6. Ndb5 d6 7. Bg5 a6 8. Na3
b5 9. Bxf6 gxf6 10. Nd5 f5 11. Bd3 Be6 12. O-O Bg7 13. c4 Bxd5 14. exd5 Nd4 15.
cxb5 axb5 16. Nxb5 Nxb5 17. Bxb5+ Ke7 18. a4 e4 19. Rb1 h5 20. Re1 Be5 21. Qd2
Kf6 22. Bc6 Ra7 23. b4 Kg7 24. Re3 Qh4 25. g3 Qh3 26. f4 exf3 27. Rxf3 h4 28.
Rbb3 Kf8 29. Qg2 Qg4 30. Kf1 hxg3 31. hxg3 Qc4+ 32. Rbd3 Qc1+ 33. Ke2 Re7 34.
Rfe3 Rh1 35. Kf2 Bxg3+ 36. Kf3 Rf1+ 37. Kxg3 Rxe3+ 38. Rxe3 Qxe3+ 39. Kh2 Rf2
{White resigns} 0-1

[Event "Team 45 45 League T55"]
[Site "Internet Chess Club"]
[Date "2012.12.02"]
[Round "3"]
[White "Drekov"]
[Black "bshribharath"]
[Result "0-1"]
[WhiteElo "1830"]
[BlackElo "1825"]
[Opening "Nimzo-Indian: Sämisch variation"]
[ECO "E27"]
[Time "08:49:20"]
[TimeControl "2700+45"]

1. d4 Nf6 2. c4 e6 3. Nc3 Bb4 4. a3 Bxc3+ 5. bxc3 O-O 6. Bg5 h6 7. Bh4 d6 8. e4
g5 9. e5 dxe5 10. dxe5 Qxd1+ 11. Rxd1 Ne4 12. Bg3 Nxc3 13. Rd4 Nc6 14. Rd3 Ne4
15. f4 b6 16. fxg5 hxg5 17. h4 g4 18. Be2 Ba6 19. Re3 Nxg3 20. Rxg3 Nxe5 21.
Bxg4 Nxg4 22. Rxg4+ Kh8 23. Re4 f5 24. Rxe6 Rfe8 25. Rxe8+ Rxe8+ 26. Kf2 Bxc4
27. Rh3 c5 28. Re3 Rxe3 29. Kxe3 Kg7 30. Kf4 Kf6 31. Nf3 Bd5 32. g3 Bxf3 33.
Kxf3 b5 34. Ke3 c4 35. Kd4 Kg6 36. a4 a6 37. axb5 axb5 38. Kc3 Kh5 39. Kd2 f4
40. gxf4 Kxh4 41. Ke3 Kg4 42. Ke4 c3 43. Kd3 b4 {White resigns} 0-1

[Event "Team 45 45 League T55"]
[Site "Internet Chess Club"]
[Date "2012.11.29"]
[Round "3"]
[White "HomerSimpson"]
[Black "primerpaso"]
[Result "1-0"]
[WhiteElo "2056"]
[BlackElo "1930"]
[Opening "Polish (Sokolsky) opening"]
[ECO "A00"]
[Time "19:32:43"]
[TimeControl "2700+45"]

1. b4 Nf6 2. Bb2 d5 3. Nf3 Bf5 4. e3 e6 5. c4 dxc4 6. Bxc4 Bd6 7. O-O O-O 8. b5
a6 9. a4 axb5 10. axb5 Rxa1 11. Bxa1 Nbd7 12. d4 Nb6 13. Nbd2 Ne4 14. Qb3 Nxd2
15. Nxd2 Qh4 16. g3 Qh6 17. Bc3 Ra8 18. e4 Bh3 19. Re1 Ra3 20. Qc2 Na4 21. Bb2
Nxb2 22. Qxb2 Ra4 23. f4 g5 24. f5 exf5 25. Bxf7+ Kf8 26. exf5 Qf6 27. Bh5 Qxd4+
28. Qxd4 Rxd4 29. f6 Bd7 30. Ne4 Bxb5 31. Nxg5 Rd5 32. Ne6+ Kg8 33. f7+ Kh8 34.
g4 c5 35. Nc7 {Black resigns} 1-0

[Event "Team 45 45 League T55"]
[Site "Internet Chess Club"]
[Date "2012.12.02"]
[Round "3"]
[White "cesaralexander"]
[Black "TerryMalloy"]
[Result "1/2-1/2"]
[WhiteElo "1924"]
[BlackElo "2015"]
[Opening "Budapest: Rubinstein variation"]
[ECO "A52"]
[Time "12:04:37"]
[TimeControl "2700+45"]

1. d4 Nf6 2. c4 e5 3. dxe5 Ng4 4. Bf4 Bb4+ 5. Nd2 Nc6 6. Nf3 Qe7 7. a3 Ngxe5 8.
Nxe5 Nxe5 9. e3 Bxd2+ 10. Qxd2 d6 11. Be2 O-O 12. O-O b6 13. b4 Bb7 14. Rac1 Nd7
15. Rfd1 a5 16. Bg4 f5 17. Be2 axb4 18. axb4 Rfe8 19. Bf1 Ra7 20. Qd3 Qf6 21.
Qb3 Kh8 22. Bg3 Rea8 23. Qc3 Qxc3 24. Rxc3 Ra4 25. b5 Nc5 26. f3 Kg8 27. h4 Kf7
28. Rc2 Ra3 29. Bf2 Ra2 30. Rxa2 Rxa2 31. Bd3 Nxd3 32. Rxd3 Rc2 33. Rd4 Bc8 34.
Bg3 Be6 35. Bxd6 cxd6 36. Rxd6 Rxc4 37. Rxb6 Rxh4 38. Rb7+ Kf6 39. b6 Rb4 40.
Kf2 Rb2+ 41. Kg3 h5 42. Rb8 g5 43. b7 Kg7 44. Re8 h4+ 45. Kh2 Rxb7 46. Rxe6 Kf7
47. Ra6 Re7 48. Ra3 Kf6 49. Kh3 Re6 50. f4 Rd6 {Game drawn by mutual agreement}
1/2-1/2

[Event "Team 45 45 League T55"]
[Site "Internet Chess Club"]
[Date "2012.12.06"]
[Round "3"]
[White "cyborg86"]
[Black "CaoCao"]
[Result "1/2-1/2"]
[WhiteElo "1758"]
[BlackElo "1870"]
[Opening "Two knights defense (Modern bishop's opening)"]
[ECO "C55"]
[Time "20:06:35"]
[TimeControl "2700+45"]

1. e4 e5 2. Nf3 Nc6 3. Bc4 Nf6 4. d3 Be7 5. c3 d6 6. Nbd2 O-O 7. O-O Na5 8. Bb5
a6 9. Ba4 b5 10. Bc2 c5 11. d4 cxd4 12. cxd4 Qc7 13. Re1 Nc6 14. d5 Nb4 15. Bb1
a5 16. a3 Na6 17. Nf1 Bg4 18. Ne3 Bxf3 19. Qxf3 g6 20. Bd2 Nc5 21. Bc2 Rfc8 22.
Rac1 Qb7 23. Ng4 Nxg4 24. Qxg4 b4 25. Bh6 b3 26. Bb1 Na4 27. Qe2 Rxc1 28. Rxc1
Nc5 29. f4 Bf6 30. f5 gxf5 31. Rf1 f4 32. g3 Kh8 33. gxf4 Rg8+ 34. Kh1 {Game
drawn by mutual agreement} 1/2-1/2

[Event "Team 45 45 League T55"]
[Site "Internet Chess Club"]
[Date "2012.11.30"]
[Round "3"]
[White "qlwqznzn"]
[Black "hariputter"]
[Result "1-0"]
[WhiteElo "2270"]
[BlackElo "2131"]
[Opening "Sicilian: Kan, 5.Bd3"]
[ECO "B42"]
[Time "21:00:40"]
[TimeControl "2700+45"]

1. e4 c5 2. Nf3 e6 3. d4 cxd4 4. Nxd4 a6 5. Bd3 Nf6 6. c4 Nc6 7. Nxc6 dxc6 8.
O-O e5 9. Qe2 Bc5 10. h3 O-O 11. Bg5 h6 12. Bh4 Be6 13. Nd2 Be7 14. Rad1 Qc7 15.
Kh1 Rfd8 16. Bg3 Nd7 17. Bb1 b5 18. b3 f6 19. cxb5 axb5 20. Nf3 Nf8 21. Nh4 Bc5
22. f4 Rxd1 23. Qxd1 Rd8 24. Qc1 Bd6 25. fxe5 Bxe5 26. Bxe5 Qxe5 27. Qxc6 Bxh3
28. gxh3 Qg3 29. Ng2 Qxh3+ 30. Kg1 Ng6 31. e5 Nxe5 32. Qe4 Ng4 33. Qf4 Rd2 34.
Be4 Rd8 35. Bf5 h5 36. Be6+ Kh7 37. Bxg4 hxg4 38. Ne3 Rd3 39. Qe4+ Kg8 40. Qe8+
Kh7 41. Qe4+ Kg8 42. Ng2 Rd2 43. Qe8+ Kh7 44. Qe4+ Kg8 45. Rf2 Rd1+ 46. Ne1 Qg3+
47. Kf1 Qh3+ 48. Ke2 Rd8 49. Qg2 Qc3 50. Kf1 Qb4 51. Re2 f5 52. Qc6 g3 53. Qe6+
Kh8 54. Qe7 Qxe7 55. Rxe7 Rd2 56. Re2 Rd5 57. Kg2 f4 58. Nf3 Rc5 59. Nd4 g5 60.
Kf3 Rd5 61. Ke4 Rd8 62. Rc2 g4 63. Nf5 f3 64. Nxg3 Rf8 65. Rc5 f2 66. Rf5 Re8+
67. Kd3 Rd8+ 68. Kc2 Rc8+ 69. Kb2 b4 70. Rxf2 Rc3 71. Ne4 Re3 72. Nf6 Rg3 73. a3
bxa3+ 74. Kxa3 Rg1 75. Nxg4 Rxg4 76. b4 Rg8 77. b5 Rb8 78. Kb4 Kg7 79. Kc5 Rc8+
80. Kb6 Rb8+ 81. Kc6 Rc8+ 82. Kb7 Rc3 83. b6 Rb3 84. Ka7 Ra3+ 85. Kb8 Rb3 86. b7
Kg6 87. Rc2 Rh3 88. Kc7 Rh7+ 89. Kb6 Rh8 90. Rc8 Rh6 91. b8=Q Kh7+ 92. Rc6 Rxc6+
93. Kxc6 Kg6 94. Qf4 Kh5 95. Qg3 Kh6 96. Kd6 Kh7 97. Ke6 Kh6 98. Kf6 Kh7 99.
Qg7# {Black checkmated} 1-0

[Event "Team 45 45 League T55"]
[Site "Internet Chess Club"]
[Date "2012.12.02"]
[Round "3"]
[White "nurmi"]
[Black "xwang1"]
[Result "0-1"]
[WhiteElo "2035"]
[BlackElo "2058"]
[Opening "Sicilian: closed, 6.f4"]
[ECO "B25"]
[Time "18:15:03"]
[TimeControl "2700+45"]

1. e4 c5 2. Nc3 Nc6 3. g3 g6 4. Bg2 Bg7 5. d3 d6 6. f4 e6 7. Nf3 Nge7 8. O-O O-O
9. Be3 Nd4 10. Qd2 Rb8 11. Nd1 b5 12. c3 Nxf3+ 13. Bxf3 b4 14. cxb4 Rxb4 15. a3
Rb8 16. Rb1 Nc6 17. e5 Nd4 18. Bxd4 cxd4 19. exd6 Qxd6 20. b4 Ba6 21. Nb2 Rfc8
22. Na4 Rc3 23. Nc5 Bh6 24. Rfc1 Rxa3 25. Qb2 Rc3 26. Rxc3 dxc3 27. Qxc3 Bg7 28.
Qa3 Bd4+ 29. Kg2 Bb5 30. Ne4 Qa6 31. Qxa6 Bxa6 32. Rb3 Bb5 33. Nc5 a5 34. Nb7 a4
35. Ra3 Bb2 36. Ra2 a3 37. Nc5 Rd8 38. Kf1 Rxd3 39. Nxd3 Bxd3+ 40. Be2 Bb1 41.
Bc4 Kf8 42. Ke2 Ke7 43. Kd2 Bxa2 44. Bxa2 Bd4 45. g4 f5 46. gxf5 gxf5 47. h3 Bb6
48. b5 Bc7 49. Ke3 Kf6 50. Bb3 Bb6+ 51. Kf3 Ba7 52. Ba2 Bc5 53. Bb3 Bb6 54. Ba2
Bc7 55. Bb3 e5 56. fxe5+ Kxe5 57. Ba2 f4 58. Bb3 Kd4 59. b6 Bd6 60. b7 Kc3
{White resigns} 0-1

[Event "Team 45 45 League T55"]
[Site "Internet Chess Club"]
[Date "2012.12.01"]
[Round "3"]
[White "jt2000"]
[Black "kidviper"]
[Result "0-1"]
[WhiteElo "1728"]
[BlackElo "1951"]
[Opening "Sicilian: Nimzovich-Rossolimo attack (without ...d6)"]
[ECO "B30"]
[Time "16:06:57"]
[TimeControl "2700+45"]

1. e4 c5 2. Nf3 Nc6 3. Bb5 Nd4 4. Nxd4 cxd4 5. O-O a6 6. Bc4 e6 7. f4 b5 8. Bb3
Bb7 9. d3 Nf6 10. f5 e5 11. Bg5 Be7 12. Nd2 d5 13. Nf3 Qd6 14. exd5 Nxd5 15.
Bxe7 Nxe7 16. Ng5 Bd5 17. Qh5 Bxb3 18. axb3 Qd5 19. f6 g6 20. Qh6 Nf5 21. Rxf5
gxf5 22. Qg7 Kd7 23. Qxf7+ Qxf7 24. Nxf7 Rhe8 25. Ng5 h6 26. Nf7 Ke6 27. Nxh6
Rh8 28. f7 a5 29. g4 Rxh6 30. Rxa5 Rhh8 31. gxf5+ Kxf7 32. Rxb5 Kf6 33. c3 dxc3
34. bxc3 Ra2 35. Rd5 Rhxh2 36. d4 Rhc2 37. dxe5+ Kxf5 38. Rd1 Rxc3 {White
resigns} 0-1

[Event "Team 45 45 League T55"]
[Site "Internet Chess Club"]
[Date "2012.12.03"]
[Round "3"]
[White "Warren"]
[Black "Barrett-CCSCSL"]
[Result "1/2-1/2"]
[WhiteElo "2240"]
[BlackElo "2126"]
[Opening "Two knights defense (Modern bishop's opening)"]
[ECO "C55"]
[Time "23:36:38"]
[TimeControl "2700+45"]

1. e4 e5 2. Nf3 Nc6 3. Bc4 Nf6 4. d3 Be7 5. Nbd2 O-O 6. O-O d6 7. c3 Na5 8. Bb5
a6 9. Ba4 b5 10. Bc2 c5 11. Re1 Nc6 12. Nf1 Nd7 13. a4 b4 14. Ne3 a5 15. Nd5 Bf6
16. Be3 Nb6 17. Nxf6+ Qxf6 18. h3 Rb8 19. d4 cxd4 20. cxd4 Nc4 21. d5 Nxe3 22.
Rxe3 Ne7 23. Nd2 Ra8 24. Rf3 Qh6 25. Nc4 f5 26. Nb6 Rb8 27. Nc4 Ra8 28. Nb6 Rb8
29. Nc4 {Game drawn by mutual agreement} 1/2-1/2

[Event "Team 45 45 League T55"]
[Site "Internet Chess Club"]
[Date "2012.12.01"]
[Round "3"]
[White "Campagnolo"]
[Black "Fezzik"]
[Result "1/2-1/2"]
[WhiteElo "2069"]
[BlackElo "2198"]
[Opening "QGD Slav: exchange, Trifunovic variation"]
[ECO "D14"]
[Time "21:33:28"]
[TimeControl "2700+45"]

1. Nf3 d5 2. d4 Nf6 3. c4 c6 4. cxd5 cxd5 5. Nc3 Nc6 6. Bf4 Bf5 7. e3 e6 8. Qb3
Bb4 9. Bb5 O-O 10. Bxc6 Bxc3+ 11. Qxc3 Rc8 12. Ne5 bxc6 13. O-O Ne4 14. Qa3 f6
15. Nd3 g5 16. Bg3 Nxg3 17. hxg3 Bxd3 {Game drawn by mutual agreement} 1/2-1/2